 Dungeon Crawl Stone Soup version 0.28-a0-983-g1de4e0787c (webtiles) character file.

Game seed: 14138258899472652312

17 GregHouse the Chopper (level 2, -3/27 HPs)
             Began as a Hill Orc Monk on Dec 3, 2021.
             Slain by Terence (7 damage)
             ... on level 1 of the Dungeon.
             The game lasted 00:01:57 (600 turns).

GregHouse the Chopper (Hill Orc Monk)                Turns: 600, Time: 00:01:58

Health: -3/27      AC:  2    Str: 13    XL:     2   Next: 62%
Magic:  2/2        EV: 12    Int: 10    God:
Gold:   45         SH:  0    Dex: 13    Spells: 1/1 levels left

rFire   . . .      SeeInvis .   a - +0 hand axe
rCold   . . .      Faith    .   (no shield)
rNeg    . . .      Spirit   .   b - +0 robe
rPois   .          Reflect  .   (no helmet)
rElec   .          Harm     .   (no cloak)
rCorr   .          Rampage  .   (no gloves)
Will    .....                   (no boots)
Stlth   ++........              (no amulet)
HPRegen 0.09/turn               (no ring)
MPRegen 0.08/turn               (no ring)

@: no status effects
A: no striking features
a: no special abilities


You were on level 1 of the Dungeon.
You visited 1 branch of the dungeon, and saw 2 of its levels.

You collected 45 gold pieces.

Inventory:

Hand Weapons
 a - a +0 hand axe (weapon)
Armour
 b - a +0 robe (worn)
Scrolls
 c - a scroll of identify {unknown}
Potions
 d - a potion of curing {unknown}


   Skills:
 + Level 4.2 Fighting
 + Level 4.5 Axes
 - Level 2.4 Dodging
 + Level 1.6 Stealth


You had one spell level left.
You didn't know any spells.
Your spell library was empty.

Dungeon Overview and Level Annotations

Branches:
Dungeon (2/15)

Altars:

Annotations:
D:1 Terence


Message History

Level annotation: Terence Terence shouts!
A ball python comes into view.
Terence closely misses you.
Terence says, "Don't bother to defend, it's pointless."
Terence hits you with a +0 mace!
The ball python moves out of view.
Found 17 gold pieces.
Found an escape hatch in the floor.
There is a stone staircase leading up, spattered with blood here.
Terence hits you with a +0 mace.
You climb upwards.
There is a stone staircase leading down here.
You hit Terence but do no damage. Terence closely misses you.
You hit Terence but do no damage. Terence hits you but does no damage.
You closely miss Terence. Terence barely misses you.
You hit Terence but do no damage. Terence barely misses you.
You hit Terence but do no damage. Terence closely misses you.
You hit Terence.
Terence is moderately wounded.
Terence completely misses you.
You closely miss Terence.
Terence is moderately wounded.
Terence misses you.
You barely miss Terence.
Terence is moderately wounded.
Terence closely misses you.
You hit Terence but do no damage.
Terence is moderately wounded.
Terence asks, "Do you want it fast or slow?"
Terence hits you with a +0 mace.
You hit Terence.
Terence is heavily wounded.
Terence barely misses you.
You barely miss Terence.
Terence is heavily wounded.
Terence hits you with a +0 mace.
* * * LOW HITPOINT WARNING * * *
You hit Terence but do no damage.
Terence is heavily wounded.
Terence hits you with a +0 mace!
You die...

#. #.# #.. #.# 8...
#####.#
#...##.....#
...........###
.............######
......>...........#
.(..#..........@..#
..............>.@.#
..................#
...#####.#####....#
...# #.#...#.####
...# +.#.<.#.# ...#
#.#...#.#
...#####.##'##.#
...............#
†..##+##.#####.#


You could see Terence.

Vanquished Creatures
  An endoplasm (D:1)
  A giant cockroach (D:1)
  2 hobgoblins (D:1)
  4 bats (D:1)
  3 frilled lizards (D:1)
  2 goblins (D:1)
  2 kobolds (D:1)
  2 rats (D:1)
17 creatures vanquished.

Notes
Turn   | Place    | Note
-------+----------+-------------------------------------------
     0 | D:1      | GregHouse the Hill Orc Monk began the quest for the Orb.
     0 | D:1      | Reached XP level 1. HP: 19/19 MP: 1/1
   170 | D:1      | Reached XP level 2. HP: 24/27 MP: 2/2
   580 | D:2      | Noticed Terence
   600 | D:1      | Slain by Terence

Illustrated notes

Levels and vault maps discovered:
D:1:      minmay_arrival_four_houses, layout_rooms, serial_corexii_hall,
          corexii_hall_statues_s, corexii_hall_statues_deadend,
          chequers_ecumenical_altar_twisty, minmay_misc_feat_rows
D:2:      minmay_chambers_of_ones, layout_basic, uniq_terence

Skill      XL: |  1  2 |
---------------+-------+-----
Fighting       | 4 |  4.2
Axes           | |  4.5
Dodging        | |  2.4
Stealth        | |  1.6

Action                   || total
-------------------------++-------
Melee: Hand axe          ||    59
Armor: Robe              ||    27
Dodge: Dodged            ||    63

Table legend: (Time is in decaauts)
 A = Elapsed time spent in this place.
 B = Non-inter-level travel time spent in this place.
 C = Inter-level travel time spent in this place.
 D = Time resting spent in this place.
 E = Time spent auto-exploring this place.
 F = Levels seen in this place.
 G = Mean time per level.
                   A        B        C        D        E       F      G
               +--------+--------+--------+--------+--------+-----+--------+
         Total |    607 |    607 |      0 |    130 |    287 |   2 |  303.5 |
       Dungeon |    607 |    607 |      0 |    130 |    287 |   2 |  303.5 |
               +--------+--------+--------+--------+--------+-----+--------+

Top non-repeatable levels by time:
     D:1: 600 daAuts
     D:2: 6 daAuts
